 Dungeon Crawl Stone Soup version 0.23.2-1-ga50397a (webtiles) character file.

Game seed: 10261539543897411527

340 TrebMcFLY the Chopper (level 6, -2/57 HPs)
             Began as a Deep Dwarf Fighter on May 30, 2019.
             Splashed by a jelly's acid (7 damage)
             ... on level 5 of the Dungeon.
             The game lasted 00:13:52 (3222 turns).

TrebMcFLY the Chopper (Deep Dwarf Fighter)          Turns: 3222, Time: 00:13:53

Health: -2/57      AC:  7    Str: 21    XL:     6   Next: 30%
Magic:  7/7        EV:  4    Int:  9    God:
Gold:   235        SH:  9    Dex: 12    Spells: 5/5 levels left

rFire    . . .     SeeInvis .   a - +0 war axe
rCold    . . .     Gourm    .   c - +0 shield
rNeg     . . .     Faith    .   n - +0 plate armour
rPois    .         Spirit   .   (no helmet)
rElec    .         Reflect  .   (no cloak)
rCorr    .         Harm     .   (no gloves)
MR       .....                  (no boots)
Stlth    ..........             k - amulet of magic regeneration
HPRegen  0.00/turn              (no ring)
MPRegen  0.35/turn              (no ring)

@: corroded, non-regenerating
A: damage resistance, heal wounds, sense surroundings 1, no regeneration
a: Heal Wounds


You were on level 5 of the Dungeon.
You were not hungry.

You visited 1 branch of the dungeon, and saw 5 of its levels.

You collected 235 gold pieces.

Inventory:

Hand Weapons
 a - a +0 war axe (weapon)
Armour
 c - a +0 shield (worn)
 n - a +0 plate armour (worn)
Jewellery
 k - an amulet of magic regeneration (around neck)
Wands
 r - a wand of enslavement (8)
Scrolls
 e - 2 scrolls of magic mapping {unknown}
 g - 3 scrolls of remove curse
 h - a scroll of enchant armour {unknown}
 i - a scroll of noise {unknown}
 l - 4 scrolls of teleportation
 o - a scroll of immolation {unknown}
 q - 2 scrolls of identify {unknown}
Potions
 b - 4 potions of agility {unknown}
 d - 2 potions of might
 j - 2 potions of curing {unknown}
 m - 2 potions of heal wounds {unknown}
 p - 4 potions of haste {unknown}
 t - 2 potions of flight {unknown}
Comestibles
 f - 8 rations
 s - a chunk of flesh


   Skills:
 + Level 3.7 Fighting
 * Level 5.1 Axes
 + Level 4.2 Armour
 + Level 4.1 Shields
 + Level 2.1 Evocations


You had 5 spell levels left.
You didn't know any spells.
Your spell library was empty.

Dungeon Overview and Level Annotations

Branches:
Dungeon (5/15)
 Temple: D:4-7

Altars:
Cheibriados
Elyvilon
Hepliaklqana
Okawaru
Uskayaw
Vehumet
Xom
Zin
The Shining One

Annotations:
D:4 Menkaure


Innate Abilities, Weirdness & Mutations

You are resistant to damage.
You can heal yourself by infusing magical energy.
You passively map a small area around you.
You do not regenerate.


Message History

The adder bites you but does no damage.
The gnoll hits you but does no damage. x2
You block the adder's attack. The gnoll hits you with a +0 whip.
You slash the gnoll!
You kill the gnoll!
Your shield and plate armour prevent you from hitting the gnoll.
You closely miss the adder. You slash the jelly!
Your hands burn!
* * * LOW HITPOINT WARNING * * *
A sky beast comes into view.
The jelly hits you. The acid corrodes you!
You are splashed with acid.
* * * LOW HITPOINT WARNING * * *
You block the gnoll's attack. The adder bites you but does no damage.
You block the jelly's attack.
You miss the adder.
The adder is heavily wounded.
You closely miss the gnoll.
Your plate armour prevents you from hitting the jelly.
You block the adder's attack. The gnoll hits you with a +0 spear.
The adder bites you but does no damage. The jelly hits you.
You are splashed with acid!
You die...

.. #.............. *
... #..............#
...# #..........#..#
.....#............#
....#............#
#............#
..##.%..........####
........%!.Y...#g..#
.......?.......)@..#
............##.JS.##
.....$............#
............##....#
...........###....#
.........###,.....#
.........., ......#
,....., .......#
.... ......###


You could see a sky beast, a jelly, a gnoll and an adder.

Vanquished Creatures
  2 ogres
  A howler monkey (D:5)
  2 gnolls (D:5)
  3 adders
  An ooze (D:4)
  2 dart slugs
  3 worms
  4 leopard geckos
  2 orcs
  3 giant cockroaches
  5 goblins
  6 hobgoblins
  7 jackals
  2 quokkas
  11 bats
  6 frilled lizards
  7 kobolds
  7 rats
74 creatures vanquished.

Notes
Turn   | Place    | Note
-------+----------+-------------------------------------------
     0 | D:1      | TrebMcFLY the Deep Dwarf Fighter began the quest for the
                  | Orb.
     0 | D:1      | Reached XP level 1. HP: 20/20 MP: 1/1
    49 | D:1      | Found a glowing golden altar of the Shining One.
   189 | D:1      | Reached XP level 2. HP: 25/27 MP: 2/2
   240 | D:1      | Reached skill level 3 in Axes
   563 | D:1      | Reached XP level 3. HP: 31/34 MP: 3/3
  1028 | D:2      | Reached XP level 4. HP: 30/42 MP: 4/4
  1388 | D:2      | Reached skill level 4 in Axes
  1850 | D:3      | Found an iron altar of Okawaru.
  1850 | D:3      | Found a white marble altar of Elyvilon.
  1852 | D:3      | Found a snail-covered altar of Cheibriados.
  2574 | D:4      | Noticed Menkaure
  2789 | D:4      | Noticed an ogre
  2790 | D:4      | Noticed an ogre
  2816 | D:3      | Killed an ogre
  2816 | D:3      | Reached skill level 1 in Evocations
  2816 | D:3      | Reached XP level 5. HP: 11/49 MP: 5/5
  2889 | D:4      | Killed an ogre
  2889 | D:4      | Reached XP level 6. HP: 20/57 MP: 5/7
  3015 | D:4      | Found a shimmering altar of Xom.
  3017 | D:4      | Found a hide-covered altar of Uskayaw.
  3017 | D:4      | Found a hazy altar of Hepliaklqana.
  3019 | D:4      | Found a radiant altar of Vehumet.
  3019 | D:4      | Found a glowing silver altar of Zin.
  3019 | D:4      | Found a white marble altar of Elyvilon.
  3163 | D:5      | Entered Level 5 of the Dungeon
  3215 | D:5      | Reached skill level 5 in Axes
  3221 | D:5      | Noticed a sky beast
  3222 | D:5      | Splashed by a jelly's acid

Skill      XL: |  1  2  3  4  5  6 |
---------------+-------------------+-----
Axes           | 3 4 5 |  5.1
Fighting       | 3 |  3.7
Evocations     | 1 2 |  2.1
Armour         | 4 |  4.2
Shields        | 4 |  4.1

Action                   |  1- 3 |  4- 6 || total
-------------------------+-------+-------++-------
Melee: War axe           |   148 |    89 ||   237
 Abil: Heal Wounds       |       |     2 ||     2
  Use: Scroll            |       |     2 ||     2
  Eat: Chunk             |     1 |     3 ||     4
       Ration            |       |     1 ||     1
Armor: Scale mail        |    66 |     8 ||    74
       Plate armour      |       |    34 ||    34
Dodge: Dodged            |    50 |    22 ||    72
Block: Shield            |    84 |    48 ||   132
